 Dungeon Crawl Stone Soup version 0.21-a0-404-g291f19a (webtiles) character file.

283 esteth the Caller (level 6, -5/44 HPs)
             Began as a Gnoll Summoner on Oct 27, 2017.
             Slain by a gnoll
             ... wielding a +0 spear
              (8 damage)
             ... on level 3 of the Dungeon.
             The game lasted 00:12:45 (3439 turns).

esteth the Caller (Gnoll Summoner)                  Turns: 3439, Time: 00:12:45

Health: -5/44      AC:  3    Str: 10    XL:     6   Next: 28%
Magic:  1/14       EV: 15    Int: 19    God:
Gold:   185        SH:  0    Dex: 16    Spells: 7/15 levels left

rFire    . . .     SeeInvis .   e - +1 club
rCold    . . .     Gourm    .   (no shield)
rNeg     . . .     Faith    .   a - +0 robe
rPois    .         Spirit   .   (no helmet)
rElec    .         Reflect  .   (no cloak)
rCorr    .         Harm     .   d - +0 pair of gloves
MR       .....                  (no boots)
Stlth    +++.......             (no amulet)
HPRegen  0.14/turn              (no ring)
MPRegen  0.14/turn              (no ring)

@: very slightly contaminated
A: distributed training, fangs 1, strong nose
a: no special abilities


You were on level 3 of the Dungeon.
You were not hungry.

You visited 1 branch of the dungeon, and saw 3 of its levels.

You collected 185 gold pieces.

Inventory:

Hand Weapons
 e - a +1 club (weapon)
Armour
 a - a +0 robe (worn)
 d - a +0 pair of gloves (worn)
Scrolls
 h - 2 scrolls of identify
 l - a scroll of immolation
 m - 2 scrolls of remove curse
 o - 2 scrolls of amnesia {unknown}
 q - a scroll of enchant weapon
 s - a scroll of magic mapping {unknown}
Potions
 i - a potion of haste {unknown}
 j - 2 potions of invisibility
 k - a potion of degeneration {unknown}
 p - a potion of berserk rage {unknown}
 r - a potion of ambrosia {unknown}
Books
 b - a book of Callings

   Spells                             Type                      Level
   a - Summon Small Mammal            Summoning                    1
   b - Call Imp                       Summoning                    2
   c - Call Canine Familiar           Summoning                    3
   d - Summon Guardian Golem          Hexes/Summoning              3
   e - Summon Lightning Spire         Summoning/Air                4
   f - Summon Ice Beast               Ice/Summoning                4
Comestibles
 c - 3 bread rations
 f - 7 chunks of flesh
 g - a royal jelly


   Skills:
 + Level 1.8 Fighting
 + Level 1.8 Short Blades
 + Level 1.8 Long Blades
 + Level 1.8 Axes
 + Level 1.8 Maces & Flails
 + Level 1.8 Polearms
 + Level 1.8 Staves
 + Level 1.8 Slings
 + Level 1.8 Bows
 + Level 1.8 Crossbows
 + Level 1.8 Throwing
 + Level 1.8 Armour
 + Level 4.9 Dodging
 + Level 4.5 Stealth
 + Level 1.8 Shields
 + Level 1.8 Unarmed Combat
 + Level 5.3 Spellcasting
 + Level 1.4 Conjurations
 + Level 1.4 Hexes
 + Level 1.4 Charms
 + Level 7.2 Summonings
 + Level 1.4 Necromancy
 + Level 1.4 Translocations
 + Level 1.4 Transmutations
 + Level 1.4 Fire Magic
 + Level 1.4 Ice Magic
 + Level 1.4 Air Magic
 + Level 1.4 Earth Magic
 + Level 1.4 Poison Magic
 + Level 2.0 Invocations
 + Level 1.8 Evocations


You had 7 spell levels left.
You knew the following spells:

 Your Spells              Type           Power        Failure   Level  Hunger
a - Summon Small Mammal   Summ           ####         1%          1    None
b - Call Canine Familiar  Summ           ####....     1%          3    ##.....
c - Summon Lightning Spi  Summ/Air       ###.....     21%         4    ####...


Dungeon Overview and Level Annotations

Branches:
Dungeon (3/15)

Altars:
Trog
Vehumet


Innate Abilities, Weirdness & Mutations

Your experience applies equally to all skills.
You have very sharp teeth.
Your uncanny sense of smell can sniff out nearby items.


Message History

There is an open door here.
The gnoll misses you. Something hits your quokka.
Your quokka dies!
Your quokka's corpse disappears in a puff of smoke!
As you read the scroll labeled QIUMUQ TEC BEA, it crumbles to dust.
You feel blessed for a moment.
It was a scroll of remove curse.
The gnoll barely misses you.
As you read the scroll labeled GIFEALUBO, it crumbles to dust.
It is a scroll of identify.
l - a scroll of immolation The gnoll closely misses you.
The gnoll hits you with a whip!
* * * LOW HITPOINT WARNING * * *
Blink to where?
Press: ? - help, Dir - move target cursor
As you read the scroll labeled BIATICS DOAM, it crumbles to dust.
It was a scroll of blinking.
The gnoll shouts!
The gnoll hits you from afar with a spear!
You die...

..........................P.....#
≈≈≈≈≈.(..≈≈≈≈≈≈≈≈≈≈≈≈≈≈≈≈≈≈≈....#
≈≈≈≈≈.)).≈≈≈≈≈≈≈≈≈≈≈≈≈≈≈≈≈≈≈....#
≈≈≈≈≈....≈≈≈≈≈≈≈≈≈≈≈≈#####≈≈....#
.....(.).............#.g.#≈≈....#
#####''''#############...#≈≈....#
....#....#.......# #+###≈≈P...#
....#....#.)....g# #.≈≈≈....#
....'....).).).)@# #.≈≈≈....#
################'# #.≈≈≈....#
...#.....g.# ∆#.≈≈≈....#
≈≈.........# #.≈≈≈....#
≈≈.....§g..# ∆#.≈≈≈....#
...#........... #.≈≈≈..P.#
########....#.#.≈≈≈....# ∆ ∆ ..
....#'###≈≈....#
######################...#≈≈P...#


You could see 3 gnolls.

Vanquished Creatures
  A worker ant zombie (D:2)
  2 gnolls (D:3)
  An adder (D:3)
  A worm (D:3)
  4 bats
  A giant cockroach (D:1)
  4 goblins
  3 hobgoblins
  7 jackals
  2 frilled lizards
  4 kobolds
  2 rats (D:1)
  A plant (D:3)
33 creatures vanquished.

Vanquished Creatures (collateral kills)
  An ogre (D:3)
  4 gnoll shamans (D:3)
  18 gnolls (D:3)
  A dart slug (D:3)
  A leopard gecko (D:2)
  2 giant cockroaches (D:2)
  6 goblins
  2 hobgoblins
  21 jackals
  6 kobolds
  A bat (D:3)
  3 frilled lizards (D:2)
66 creatures vanquished.

Vanquished Creatures (others)
  A gnoll (D:3)
  A kobold (D:3)
2 creatures vanquished.

Grand Total: 101 creatures vanquished

Notes
Turn   | Place    | Note
-------+----------+-------------------------------------------
     0 | D:1      | esteth the Gnoll Summoner began the quest for the Orb.
     0 | D:1      | Reached XP level 1. HP: 13/13 MP: 6/6
   382 | D:1      | Reached XP level 2. HP: 5/19 MP: 7/7
  1286 | D:2      | Reached XP level 3. HP: 22/25 MP: 3/9
  1294 | D:2      | Reached skill level 5 in Spellcasting
  1351 | D:2      | Learned a level 3 spell: Call Canine Familiar
  1448 | D:2      | Reached skill level 1 in Invocations
  1510 | D:2      | Found a bloodstained altar of Trog.
  1740 | D:2      | Reached skill level 1 in Fighting
  1740 | D:2      | Reached skill level 1 in Short Blades
  1740 | D:2      | Reached skill level 1 in Long Blades
  1740 | D:2      | Reached skill level 1 in Axes
  1740 | D:2      | Reached skill level 1 in Maces & Flails
  1740 | D:2      | Reached skill level 1 in Polearms
  1740 | D:2      | Reached skill level 1 in Staves
  1740 | D:2      | Reached skill level 1 in Slings
  1740 | D:2      | Reached skill level 1 in Bows
  1740 | D:2      | Reached skill level 1 in Crossbows
  1740 | D:2      | Reached skill level 1 in Throwing
  1740 | D:2      | Reached skill level 1 in Armour
  1740 | D:2      | Reached skill level 1 in Shields
  1740 | D:2      | Reached skill level 1 in Unarmed Combat
  1740 | D:2      | Reached skill level 1 in Evocations
  1765 | D:2      | Reached XP level 4. HP: 29/32 MP: 11/11
  1807 | D:2      | Learned a level 4 spell: Summon Lightning Spire
  2197 | D:3      | Found a radiant altar of Vehumet.
  2552 | D:3      | Reached skill level 1 in Conjurations
  2552 | D:3      | Reached skill level 1 in Hexes
  2552 | D:3      | Reached skill level 1 in Charms
  2552 | D:3      | Reached skill level 1 in Necromancy
  2552 | D:3      | Reached skill level 1 in Translocations
  2552 | D:3      | Reached skill level 1 in Transmutations
  2552 | D:3      | Reached skill level 1 in Fire Magic
  2552 | D:3      | Reached skill level 1 in Ice Magic
  2552 | D:3      | Reached skill level 1 in Air Magic
  2552 | D:3      | Reached skill level 1 in Earth Magic
  2552 | D:3      | Reached skill level 1 in Poison Magic
  2866 | D:3      | Reached XP level 5. HP: 13/37 MP: 7/12
  3366 | D:3      | Reached XP level 6. HP: 43/44 MP: 1/13
  3439 | D:3      | Slain by a gnoll

Vault maps used:
D:1:      lightli_arrival_windingriver, grunt_decor_arrowhead
D:2:      old_standard_altar, first_bread
D:3:      lemuel_castle_with_subvaults, nemelex_altar_shiori,
          fiery_altar_vehumet

Skill      XL: |  1  2  3  4  5  6 |
---------------+-------------------+-----
Spellcasting   | 5 |  5.3
Invocations    | 1 2 |  2.0
Fighting       | 1 |  1.8
Short Blades   | 1 |  1.8
Long Blades    | 1 |  1.8
Axes           | 1 |  1.8
Maces & Flails | 1 |  1.8
Polearms       | 1 |  1.8
Staves         | 1 |  1.8
Slings         | 1 |  1.8
Bows           | 1 |  1.8
Crossbows      | 1 |  1.8
Throwing       | 1 |  1.8
Armour         | 1 |  1.8
Shields        | 1 |  1.8
Unarmed Combat | 1 |  1.8
Evocations     | 1 |  1.8
Conjurations   | 1 |  1.4
Hexes          | 1 |  1.4
Charms         | 1 |  1.4
Necromancy     | 1 |  1.4
Translocations | 1 |  1.4
Transmutations | 1 |  1.4
Fire Magic     | 1 |  1.4
Ice Magic      | 1 |  1.4
Air Magic      | 1 |  1.4
Earth Magic    | 1 |  1.4
Poison Magic   | 1 |  1.4
Dodging        | |  4.9
Stealth        | |  4.5
Summonings     | |  7.2

Action                   |  1- 3 |  4- 6 || total
-------------------------+-------+-------++-------
Melee: Club              |   108 |   101 ||   209
       Bite              |     4 |    14 ||    18
       Punch             |       |     2 ||     2
 Cast: Summon Small Mamm |    16 |    20 ||    36
       Call Canine Famil |     3 |    13 ||    16
       Summon Lightning  |       |     5 ||     5
  Use: Scroll            |     1 |     3 ||     4
 Stab: Sleeping          |     7 |       ||     7
  Eat: Chunk             |     3 |     7 ||    10
Armor: Robe              |    32 |    20 ||    52
Dodge: Dodged            |   106 |   132 ||   238

Table legend:
 A = Spawn XP
 B = Non-spawn XP
 C = Spawn XP percentage of total XP
 D = Spawn monster count
 E = Non-spawn monster count
 F = Spawn count percentage of total count
 G = Total turns spent on level
                    A         B        C        D         E        F      G
               +---------+---------+-------+---------+---------+-------+---------
         Total |       0 |     405 |   0.0 |       0 |      98 |   0.0 |  3439
               +---------+---------+-------+---------+---------+-------+---------
           D:1 |       0 |      29 |   0.0 |       0 |      18 |   0.0 |  1275
           D:2 |       0 |      53 |   0.0 |       0 |      30 |   0.0 |   644
           D:3 |       0 |     323 |   0.0 |       0 |      50 |   0.0 |  1520
               +---------+---------+-------+---------+---------+-------+---------
